EL
CONNECTICUT DEFENDERS @ NEW HAMPSHIRE FISHER CATS
08/06/2066
 
TOP OF THE 1ST
Reading Phillies batting - Pitching for Erie Seawolves : LHP Jerry Thompson
Pitching: LHP Jerry Thompson
Batting: RHB Mario Muñóz 0-0: Ball
1-0: Ground out 4-3 (Groundball, 4MS, EV 86.2 MPH)
Batting: LHB Art Jackson 0-0: Called Strike
0-1: Called Strike
0-2: Foul Ball, location: 2F
0-2: Ball
1-2: Ball
2-2: SINGLE (Groundball, 6D, EV 98.1 MPH)
Batting: RHB Jonathon Webber 0-0: SINGLE (Flyball, 34D, EV 83.8 MPH)
Art Jackson to second
Batting: LHB Cy Blue 0-0: Called Strike
0-1: Ball
1-1: Foul Ball, location: 2F
1-2: Ball
2-2: Fly out, F7 (Line Drive, 7, EV 95.6 MPH)
Batting: LHB Darryl Cox 0-0: Ball
1-0: Ground out U3 (Groundball, 34S, EV 88.8 MPH)
Top of the 1st over - 0 runs, 2 hits, 0 errors, 2 left on base; Reading 0 - Erie 0
BOTTOM OF THE 1ST
Erie Seawolves batting - Pitching for Reading Phillies : RHP Mac Banks
Pitching: RHP Mac Banks
Batting: LHB Dan Baca 0-0: Swinging Strike
0-1: Called Strike
0-2: Fly out, F7 (Flyball, 7LM, EV 94.4 MPH)
Batting: RHB Brad Foster 0-0: Called Strike
0-1: Foul Ball, location: 2F
0-2: Ground out 5-3 (Groundball, 56, EV 106.2 MPH)
Batting: LHB David Vega 0-0: Foul Ball, location: 2F
0-1: Foul Ball, location: 2F
0-2: Ball
1-2: Foul Ball, location: 2F
1-2: Foul Ball, location: 2F
1-2: Ground out U3 (Groundball, 34, EV 103.1 MPH)
Bottom of the 1st over - 0 runs, 0 hits, 0 errors, 0 left on base; Reading 0 - Erie 0
TOP OF THE 2ND
Reading Phillies batting - Pitching for Erie Seawolves : LHP Jerry Thompson
Batting: RHB Rodrigo Hornélas 0-0: Called Strike
0-1: Ball
1-1: Ground out 6-3 (Groundball, 6S, EV 70.6 MPH)
Batting: LHB Scotty Dixon 0-0: Ball
1-0: Ball
2-0: Called Strike
2-1: Ball
3-1: Called Strike
3-2: Foul Ball, location: 2F
3-2: Base on Balls
Batting: LHB Lonnie Bryant 0-0: Ball
1-0: Called Strike
1-1: Hit by Pitch
Scotty Dixon to second
Batting: RHB Loren Prince 0-0: Called Strike
0-1: Foul Ball, location: 2F
0-2: Ball
1-2: SINGLE (Groundball, 3D, EV 109.4 MPH)
Scotty Dixon to third
Lonnie Bryant to second
Runner from 3rd tries for Home, SAFE, throw by RF to home
Batting: RHB Mario Muñóz 0-0: Foul Ball, location: 2F
0-1: Called Strike
0-2: Ball
1-2: Fielders Choice at 2nd, 3-6 (Groundball, 34S, EV 82.5 MPH)
Lonnie Bryant to third
Batting: LHB Art Jackson 0-0: Ball
1-0: Foul Ball, location: 2F
1-1: Ball
2-1: Foul Ball, location: 2F
2-2: Strikes out swinging
Top of the 2nd over - 1 run, 1 hit, 0 errors, 2 left on base; Reading 1 - Erie 0
BOTTOM OF THE 2ND
Erie Seawolves batting - Pitching for Reading Phillies : RHP Mac Banks
Batting: LHB Harvet Beach 0-0: Ball
1-0: Ball
2-0: Ball
3-0: Called Strike
3-1: Foul Ball, location: 2F
3-2: Strikes out looking
Batting: RHB Willie Cass 0-0: Foul Ball, location: 2F
0-1: Called Strike
0-2: Ball
1-2: Ball
2-2: Strikes out swinging
Batting: SHB Willie Best 0-0: Foul Ball, location: 2F
0-1: Called Strike
0-2: Foul Ball, location: 2F
0-2: Ball
1-2: Strikes out swinging
Bottom of the 2nd over - 0 runs, 0 hits, 0 errors, 0 left on base; Reading 1 - Erie 0
TOP OF THE 3RD
Reading Phillies batting - Pitching for Erie Seawolves : LHP Jerry Thompson
Batting: RHB Jonathon Webber 0-0: Ball
1-0: Foul Ball, location: 2F
1-1: SINGLE (Groundball, 6MD, EV 106.2 MPH)
Batting: LHB Cy Blue 0-0: Called Strike
0-1: Ball
1-1: Fly out, F7 (Flyball, 7LM, EV 76.2 MPH)
Batting: LHB Darryl Cox 0-0: Ball
1-0: Foul Ball, location: 2F
1-1: Ball
2-1: Foul Ball, location: 2F
2-2: Strikes out swinging
Batting: RHB Rodrigo Hornélas 0-0: Called Strike
0-1: Foul Ball, location: 2F
0-2: SINGLE (Groundball, 4MD, EV 94.4 MPH)
Jonathon Webber to second
Batting: LHB Scotty Dixon 0-0: Called Strike
0-1: Swinging Strike
0-2: Ball
1-2: Ball
2-2: Strikes out swinging
Top of the 3rd over - 0 runs, 2 hits, 0 errors, 2 left on base; Reading 1 - Erie 0
BOTTOM OF THE 3RD
Erie Seawolves batting - Pitching for Reading Phillies : RHP Mac Banks
Batting: RHB Don Patterson 0-0: Foul Ball, location: 2F
0-1: Ball
1-1: Swinging Strike
1-2: Foul Ball, location: 2F
1-2: SINGLE (Groundball, 6MD, EV 98.1 MPH)
Batting: RHB Adam Beckmann 0-0: Called Strike
0-1: Ball
1-1: Called Strike
1-2: Strikes out swinging
Batting: RHB Jim Unknown 0-0: Ball
1-0: Fly out, F5 (Popup, 15, EV 71.9 MPH)
Batting: LHB Dan Baca 0-0: Ball
1-0: Ball
2-0: Foul Ball, location: 2F
2-1: Called Strike
2-2: Fly out, F3 (Popup, 3SF, EV 72.5 MPH)
Bottom of the 3rd over - 0 runs, 1 hit, 0 errors, 1 left on base; Reading 1 - Erie 0
TOP OF THE 4TH
Reading Phillies batting - Pitching for Erie Seawolves : LHP Jerry Thompson
Batting: LHB Lonnie Bryant 0-0: Ball
1-0: Ground out 6-3 (Groundball, 6, EV 108.1 MPH)
Batting: RHB Loren Prince 0-0: Ball
1-0: Ball
2-0: Foul Ball, location: 2F
2-1: Fly out, F8 (Flyball, 89XD, EV 110.6 MPH)
Batting: RHB Mario Muñóz 0-0: Called Strike
0-1: Ball
1-1: DOUBLE (Line Drive, 9LM, EV 106.9 MPH)
Batting: LHB Art Jackson 0-0: Ground out 3-1 (Groundball, 34, EV 81.2 MPH)
Top of the 4th over - 0 runs, 1 hit, 0 errors, 1 left on base; Reading 1 - Erie 0
BOTTOM OF THE 4TH
Erie Seawolves batting - Pitching for Reading Phillies : RHP Mac Banks
Batting: RHB Brad Foster 0-0: Called Strike
0-1: Swinging Strike
0-2: Foul Ball, location: 2F
0-2: Ball
1-2: Ball
2-2: Strikes out swinging
Batting: LHB David Vega 0-0: Called Strike
0-1: Foul Ball, location: 2F
0-2: Ball
1-2: Ball
2-2: Strikes out swinging
Batting: LHB Harvet Beach 0-0: Ball
1-0: Ball
2-0: Called Strike
2-1: Ground out 6-3 (Groundball, 6S, EV 81.2 MPH)
Bottom of the 4th over - 0 runs, 0 hits, 0 errors, 0 left on base; Reading 1 - Erie 0
TOP OF THE 5TH
Reading Phillies batting - Pitching for Erie Seawolves : LHP Jerry Thompson
Batting: RHB Jonathon Webber 0-0: Ball
1-0: Swinging Strike
1-1: Foul Ball, location: 2F
1-2: Foul Ball, location: 2F
1-2: DOUBLE (Line Drive, 78M, EV 105.6 MPH)
Batting: LHB Cy Blue 0-0: Ground out 3-1 (Groundball, 34, EV 84.4 MPH)
Jonathon Webber to third
Batting: LHB Darryl Cox 0-0: Ground out 5-3 (Groundball, 56S, EV 81.2 MPH)
Jonathon Webber scores
Batting: RHB Rodrigo Hornélas 0-0: Called Strike
0-1: Ball
1-1: Swinging Strike
1-2: Ball
2-2: Fly out, F9 (Flyball, 9LM, EV 91.2 MPH)
Top of the 5th over - 1 run, 1 hit, 0 errors, 0 left on base; Reading 2 - Erie 0
BOTTOM OF THE 5TH
Erie Seawolves batting - Pitching for Reading Phillies : RHP Mac Banks
Batting: RHB Willie Cass 0-0: Called Strike
0-1: Ball
1-1: Ball
2-1: Swinging Strike
2-2: Ball
3-2: Fly out, F8 (Flyball, 78M, EV 97.5 MPH)
Batting: SHB Willie Best 0-0: Ball
1-0: Ball
2-0: SINGLE (Groundball, 3S, EV 65.6 MPH) (infield hit)
Batting: RHB Don Patterson 0-0: Swinging Strike
0-1: Called Strike
0-2: Ball
1-2: Ball
2-2: Ball
Willie Best steals 2nd base
3-2: Foul Ball, location: 2F
3-2: Foul Ball, location: 2F
3-2: Strikes out looking
Batting: RHB Adam Beckmann 0-0: Swinging Strike
0-1: Swinging Strike
0-2: Ball
Wild Pitch!
Willie Best to third
1-2: SINGLE (Groundball, 56D, EV 102.5 MPH)
Willie Best scores
Batting: RHB Jim Unknown 0-0: Ground out 5-3 (Groundball, 5S, EV 63.8 MPH)
Bottom of the 5th over - 1 run, 2 hits, 0 errors, 1 left on base; Reading 2 - Erie 1
TOP OF THE 6TH
Reading Phillies batting - Pitching for Erie Seawolves : LHP Jerry Thompson
Batting: LHB Scotty Dixon 0-0: Hit by Pitch
Batting: LHB Lonnie Bryant Pickoff Throw to First - Error! E1
Scotty Dixon to second
0-0: 2-RUN HOME RUN (Flyball, 9D, EV 102.5 MPH), Distance : 381 ft
Batting: RHB Loren Prince 0-0: Called Strike
0-1: SOLO HOME RUN (Flyball, 7D, EV 98.8 MPH), Distance : 401 ft
Batting: RHB Mario Muñóz 0-0: Swinging Strike
0-1: Foul Ball, location: 2F
0-2: Ball
1-2: Ball
2-2: Ground out U3 (Groundball, 34, EV 106.2 MPH)
Batting: LHB Art Jackson 0-0: Ball
1-0: Foul Ball, location: 2F
1-1: Ball
2-1: Ball
3-1: Ground out 5-3 (Groundball, 56, EV 86.2 MPH)
Batting: RHB Jonathon Webber 0-0: Called Strike
0-1: Foul Ball, location: 2F
0-2: Ball
1-2: Foul Ball, location: 2F
1-2: Ball
2-2: Ball
3-2: Fly out, F7 (Flyball, 7D, EV 92.5 MPH)
Top of the 6th over - 3 runs, 2 hits, 1 error, 0 left on base; Reading 5 - Erie 1
BOTTOM OF THE 6TH
Erie Seawolves batting - Pitching for Reading Phillies : RHP Mac Banks
Batting: LHB Dan Baca 0-0: Called Strike
0-1: Foul Ball, location: 2F
0-2: Foul Ball, location: 2F
0-2: SOLO HOME RUN (Flyball, 9D, EV 99.4 MPH), Distance : 386 ft
Batting: RHB Brad Foster 0-0: Called Strike
0-1: SINGLE (Groundball, 6MD, EV 105.6 MPH)
Batting: LHB David Vega 0-0: Ball
1-0: Swinging Strike
1-1: Foul Ball, location: 2F
1-2: DOUBLE (Line Drive, 78M, EV 95.6 MPH)
Brad Foster to third
Batting: LHB Harvet Beach 0-0: Fly out, F4 (Popup, 4M, EV 56.9 MPH)
Batting: RHB Willie Cass 0-0: Foul Ball, location: 2F
0-1: Foul Ball, location: 2F
0-2: Strikes out swinging
Batting: SHB Willie Best 0-0: Ball
1-0: Ball
2-0: Ball
3-0: Foul Ball, location: 2F
3-1: Base on Balls
Batting: RHB Don Patterson 0-0: Foul Ball, location: 2F
0-1: Foul Ball, location: 2F
0-2: Ball
1-2: Foul Ball, location: 2F
1-2: Foul Ball, location: 2F
1-2: Ground out 4-3 (Groundball, 4, EV 83.8 MPH)
Bottom of the 6th over - 1 run, 3 hits, 0 errors, 3 left on base; Reading 5 - Erie 2
TOP OF THE 7TH
Reading Phillies batting - Pitching for Erie Seawolves : LHP Jerry Thompson
Batting: LHB Cy Blue 0-0: Ball
1-0: Foul Ball, location: 2F
1-1: Ball
2-1: Swinging Strike
2-2: DOUBLE (Flyball, 8LXD, EV 106.9 MPH)
Batting: LHB Darryl Cox 0-0: Ball
1-0: Swinging Strike
1-1: Called Strike
1-2: Strikes out swinging, 2-3 out at first.
Batting: RHB Rodrigo Hornélas 0-0: Intentional Walk
Batting: LHB Scotty Dixon 0-0: Called Strike
0-1: Ball
1-1: Called Strike
1-2: Foul Ball, location: 2F
1-2: Strikes out swinging
Batting: LHB Lonnie Bryant 0-0: Ball
1-0: Called Strike
1-1: Ground out 4-3 (Groundball, 4, EV 100.6 MPH)
Top of the 7th over - 0 runs, 1 hit, 0 errors, 2 left on base; Reading 5 - Erie 2
BOTTOM OF THE 7TH
Erie Seawolves batting - Pitching for Reading Phillies : RHP Mac Banks
Batting: RHB Adam Beckmann 0-0: Ground out 4-3 (Groundball, 4, EV 82.5 MPH)
Batting: RHB Jim Unknown 0-0: Ball
1-0: Called Strike
1-1: Swinging Strike
1-2: Ball
2-2: Strikes out swinging
Batting: LHB Dan Baca 0-0: Ball
1-0: Called Strike
1-1: Called Strike
1-2: Strikes out swinging
Bottom of the 7th over - 0 runs, 0 hits, 0 errors, 0 left on base; Reading 5 - Erie 2
TOP OF THE 8TH
Reading Phillies batting - Pitching for Erie Seawolves : LHP Jerry Thompson
Pitching: LHP Pete Alexander
Batting: RHB Loren Prince 0-0: Ball
1-0: Foul Ball, location: 2F
1-1: Ball
2-1: Swinging Strike
2-2: Ball
3-2: Ground out 3-1 (Groundball, 34S, EV 55.0 MPH)
Batting: RHB Mario Muñóz 0-0: Ground out 6-3 (Groundball, 6, EV 103.8 MPH)
Batting: LHB Art Jackson 0-0: Ball
1-0: Foul Ball, location: 2F
1-1: Swinging Strike
1-2: Ball
2-2: Ball
3-2: Ground out U3 (Groundball, 3D, EV 104.4 MPH)
Top of the 8th over - 0 runs, 0 hits, 0 errors, 0 left on base; Reading 5 - Erie 2
BOTTOM OF THE 8TH
Erie Seawolves batting - Pitching for Reading Phillies : RHP Mac Banks
Batting: RHB Brad Foster 0-0: Ground out 5-3 (Groundball, 56S, EV 85.0 MPH)
Batting: LHB David Vega 0-0: Foul Ball, location: 2F
0-1: Foul Ball, location: 2F
0-2: Strikes out swinging
Batting: LHB Harvet Beach 0-0: Foul Ball, location: 2F
0-1: Foul Ball, location: 2F
0-2: Strikes out swinging
Bottom of the 8th over - 0 runs, 0 hits, 0 errors, 0 left on base; Reading 5 - Erie 2
TOP OF THE 9TH
Reading Phillies batting - Pitching for Erie Seawolves : LHP Pete Alexander
Batting: RHB Jonathon Webber 0-0: Called Strike
0-1: Fly out, F5 (Popup, 5SF, EV 76.9 MPH)
Batting: LHB Cy Blue 0-0: Ball
1-0: Foul Ball, location: 2F
1-1: Foul Ball, location: 2F
1-2: Ground out 4-3 (Groundball, 4, EV 81.2 MPH)
Batting: LHB Darryl Cox 0-0: Called Strike
0-1: Foul Ball, location: 2F
0-2: Strikes out looking
Top of the 9th over - 0 runs, 0 hits, 0 errors, 0 left on base; Reading 5 - Erie 2
BOTTOM OF THE 9TH
Erie Seawolves batting - Pitching for Reading Phillies : RHP Mac Banks
Pitching: RHP Héctor Arredondo
Now in LF: Enrique Sánchez
Batting: RHB Willie Cass 0-0: Ball
1-0: Swinging Strike
1-1: Ball
2-1: Fly out, F7 (Flyball, 7, EV 86.9 MPH)
Batting: SHB Willie Best 0-0: DOUBLE (Groundball, 3L, EV 103.8 MPH)
Batting: RHB Don Patterson 0-0: Ball
1-0: Ball
2-0: Ball
3-0: Called Strike
3-1: Foul Ball, location: 2F
3-2: SINGLE (Groundball, 4D, EV 94.4 MPH)
Willie Best to third
Pinch Hitting: SHB Scotty Coronado 0-0: Called Strike
0-1: Swinging Strike
0-2: Ball
1-2: Foul Ball, location: 2F
1-2: DOUBLE (Line Drive, 9LS, EV 95.0 MPH)
Willie Best scores
Don Patterson to third
Batting: RHB Jim Unknown 0-0: Called Strike
0-1: Foul Ball, location: 2F
0-2: Ball
1-2: Ball
2-2: Strikes out swinging
Batting: LHB Dan Baca 0-0: Called Strike
0-1: Called Strike
0-2: Strikes out swinging
Bottom of the 9th over - 1 run, 3 hits, 0 errors, 2 left on base; Reading 5 - Erie 3
Friday, September 22nd , 2023 - OOTP Baseball 24.9 Build 80